 Dungeon Crawl Stone Soup version 0.30.1-11-g7821555f0a (webtiles) character file.

Game seed: 15533732260136197936

662 monsoonserge the Magician (level 7, -5/46 HPs)
             Began as a Djinni Venom Mage on Nov 17, 2023.
             Slain by a gnoll
             ... wielding a +0 halberd
             ... led by a gnoll sergeant
              (6 damage)
             ... on level 5 of the Dungeon.
             The game lasted 00:13:52 (4458 turns).

monsoonserge the Magician (Djinni Venom Mage)       Turns: 4458, Time: 00:13:53

Health: -5/46      AC:  6    Str:  7    XL:     7   Next: 87%
Gold:   153        EV: 14    Int: 19    God:
                   SH:  0    Dex: 13

rFire   + . .        z - staff of poison
rCold   . . .        (no shield)
rNeg    . . .        A - +2 robe of the Kissing Gods {MP+9}
rPois   ∞            h - +0 helmet
rElec   .            u - +0 cloak
rCorr   .            (no gloves)
SInv    +            (boots unavailable)
Will    .....        (no amulet)
Stlth   ++           w - ring of ice
HPRegen 0.27/turn    a - ring of see invisible
MPRegen 0.00/turn

%: infuse magic (-6 HP)
@: attractive, flying
A: sickness immunity, fire resistance 2, cold vulnerability 1, float, innate
caster, HP casting, extra vitality 1
a: no special abilities


You were on level 5 of the Dungeon.
You visited 1 branch of the dungeon, and saw 5 of its levels.
You also visited: Sewer.

You collected 255 gold pieces.
You spent 102 gold pieces at shops.

Inventory:

Hand Weapons
 l - a +1 dagger of venom
Missiles
 b - 2 poisoned darts
 s - a throwing net
 B - 2 boomerangs
Armour
 h - a +0 helmet (worn)
 u - a +0 cloak (worn)
 A - the +2 robe of the Kissing Gods (worn) {MP+9}
   (You found it on level 3 of the Dungeon)

   MP:        It affects your magic capacity (+9).
Magical Staves
 z - a staff of poison (weapon)
 E - a staff of fire
Jewellery
 a - a ring of see invisible (right hand)
 q - a ring of protection from fire
 w - a ring of ice (left hand)
Wands
 g - a wand of digging (5)
 y - a wand of polymorph (9)
Scrolls
 e - 2 scrolls of blinking {unknown}
 i - 2 scrolls of vulnerability {unknown}
 k - 2 scrolls of enchant weapon {unknown}
 m - 2 scrolls of brand weapon {unknown}
 n - 3 scrolls of teleportation {unknown}
 o - 4 scrolls of immolation {unknown}
 p - a scroll of fear
 r - 3 scrolls of amnesia {unknown}
 t - 3 scrolls of identify {unknown}
Potions
 c - a potion of flight {unknown}
 d - a potion of degeneration {unknown}
 f - 3 potions of attraction
 j - 3 potions of curing {unknown}
 v - a potion of haste {unknown}
 x - 2 potions of mutation {unknown}
 C - 2 potions of brilliance {unknown}
 D - 2 potions of lignification {unknown}
 F - a potion of heal wounds {unknown}


   Skills:
 * Level 0.9 Fighting
 - Level 0.4 Armour
 + Level 5.1 Dodging
 - Level 2.0 Stealth
 * Level 5.5 Spellcasting


You knew the following spells:

 Your Spells              Type           Power      Damage    Failure   Level
a - Sting                 Tmut/Pois      100%       1d8       1%          1
b - Poisonous Vapours     Pois/Air       78%        N/A       1%          2
c - Mephitic Cloud        Conj/Pois/Air  39%        N/A       3%          3
d - Olgreb's Toxic Radia  Pois           39%        N/A       12%         4
e - Foxfire               Conj/Fire      100%       2x1d9     1%          1
f - Ensorcelled Hibernat  Hex/Ice        78%        N/A       1%          2
g - Gell's Gravitas       Tloc           26%        N/A       3%          3
Your spell library was empty.

Dungeon Overview and Level Annotations

Branches:
Dungeon (5/15)              Sewer (visited)
 Temple: D:4-7

Altars:
Fedhas
Trog
Yredelemnul

Shops:
D:1 ?   D:4 :   D:5 *


Innate Abilities, Weirdness & Mutations

You are immune to sickness and miasma.
You are immune to poison.
Your flesh is very heat resistant. (rF++)
You are vulnerable to cold. (rC-)
You float through the air rather than walking.
You learn spells naturally, not from books.
Your magical power is your life essence.
You have superior vitality. (+4 MHP)


Message History

Unknown command.
It was a potion of attraction.
You feel attractive to monsters.
The gnoll is engulfed in noxious fumes.
The gnoll appears confused.
The gnoll barely misses something.
The gnoll hits itself with a +0 whip.
The gnoll is killed!
The gnoll is engulfed in noxious fumes.
The gnoll appears confused.
The gnoll barely misses you.
The gnoll is engulfed in noxious fumes.
The gnoll appears confused.
The gnoll hits something with a +0 halberd!
The gnoll sergeant is engulfed in noxious fumes.
The gnoll sergeant appears confused.
The gnoll is attracted toward you.
The gnoll sergeant is attracted toward you.
The gnoll is engulfed in noxious fumes.
The gnoll appears confused.
The gnoll hits the gnoll with a +0 flail.
The gnoll hits itself with a +0 flail!
The gnoll is engulfed in noxious fumes.
The gnoll appears confused.
The gnoll sergeant is engulfed in noxious fumes.
The gnoll sergeant appears confused.
The gnoll is attracted toward you.
The gnoll is engulfed in noxious fumes.
The gnoll appears confused.
The gnoll hits the gnoll with a +0 halberd.
The gnoll is killed!
The gnoll sergeant is engulfed in noxious fumes.
The gnoll sergeant appears confused.
The gnoll is attracted toward you.
Casting: Mephitic Cloud (dangerous; 3% risk of failure)
Confirm with . or Enter, or press ? or * to list all spells.
Okay, then.
Casting: Mephitic Cloud (dangerous; 3% risk of failure)
Confirm with . or Enter, or press ? or * to list all spells.
Aiming: Sting (safe; 1% risk of failure)
Press: ? - help, Shift-Dir - straight line, f - gnoll
Aim: a gnoll, wielding a +0 halberd (lightly wounded, confused, 95% to hit)
You feel a surge of power!
The sting hits the gnoll.
The gnoll is poisoned.
The gnoll is lightly wounded.
* * * LOW HITPOINT WARNING * * *
Unknown command.
You hit the gnoll.
The gnoll is heavily wounded.
The gnoll hits you with a +0 halberd.
You die...

# #...#....# #.#
#.#.#.#.#..## #.#
###.#.#.#.#...# #.#
#.......#)#.#.###.#
#.......#.#)#...#.#
#.......#.#.###.#.#
###.#.#.#.#)# #...#
#.#.#.#.#.# ##..# .
#.#@#.#.# ##.# .
#.#g# #.# #.# #°#
#.. ... #.....°)#
### ###. #.###g###
># #§ # #


You could see a gnoll (confused, poisoned).

Vanquished Creatures
  A black bear (D:4)
  An ogre (D:4)
  A phantom (D:4)
  A scorpion (D:5)
  An orc priest (D:5)
  A hound (D:5)
  An orc wizard (D:5)
  An iguana (D:5)
  6 gnolls
  3 river rats
  5 adders
  An ufetubus (D:4)
  2 worms (D:4)
  A dart slug (D:4)
  6 orcs
  5 endoplasms
  7 giant cockroaches
  6 goblins
  4 hobgoblins
  5 jackals
  6 quokkas
  12 ball pythons
  6 bats
  7 frilled lizards
  8 kobolds
  19 rats
117 creatures vanquished.

Vanquished Creatures (others)
  53 foxfires
53 creatures vanquished.

Grand Total: 170 creatures vanquished

Notes
Turn   | Place    | Note
-------+----------+-------------------------------------------
     0 | D:1      | monsoonserge the Djinni Venom Mage began the quest for the
                  | Orb.
     0 | D:1      | monsoonserge set off with the following spells memorised:
                  | Sting, Poisonous Vapours, Mephitic Cloud, Olgreb's Toxic
                  | Radiance.
     0 | D:1      | Reached XP level 1. HP: 15/15 MP: 0/0
   139 | D:1      | Reached XP level 2. HP: 7/21 MP: 0/0
   323 | D:1      | Found a faded altar of an unknown god.
   490 | D:1      | Reached XP level 3. HP: 24/25 MP: 0/0
   490 | D:1      | Learned a level 1 spell: Foxfire
   606 | D:1      | Found The Oracle's Delphic Readings.
   610 | D:1      | Bought a scroll of noise for 10 gold pieces
  1048 | D:1      | Bought a scroll of fear for 40 gold pieces
  1181 | D:2      | You are sucked into a shaft and drop 1 floor!
  1593 | D:2      | Reached XP level 4. HP: 25/31 MP: 0/0
  1823 | D:3      | Found a glowing drain.
  1890 | Sewer    | Entered a sewer
  2138 | Sewer    | Reached XP level 5. HP: 32/35 MP: 0/0
  2138 | Sewer    | Learned a level 2 spell: Ensorcelled Hibernation
  2410 | D:3      | Identified the +2 robe of the Kissing Gods {MP+9}
  2463 | D:3      | Found a bloodstained altar of Trog.
  3031 | D:4      | Noticed a phantom
  3042 | D:4      | Killed a phantom
  3043 | D:4      | Reached XP level 6. HP: 18/40 MP: 0/0
  3289 | D:4      | Found Uhuliamp's Book Shoppe.
  3348 | D:4      | Noticed a black bear
  3356 | D:4      | Killed a black bear
  3678 | D:4      | Found a blossoming altar of Fedhas.
  3793 | D:4      | Noticed an ogre
  3801 | D:4      | Killed an ogre
  3802 | D:4      | Reached XP level 7. HP: 38/45 MP: 0/0
  3802 | D:4      | Learned a level 3 spell: Gell's Gravitas
  3846 | D:4      | Found a basalt altar of Yredelemnul.
  4029 | D:5      | Entered Level 5 of the Dungeon
  4035 | D:5      | Found Geexing's Assorted Antiques.
  4038 | D:5      | Bought a scroll labelled DAUTHE JIARGH for 26 gold pieces
  4038 | D:5      | Bought a scroll labelled GIEKEL GUNIOPN for 26 gold pieces
  4046 | D:5      | Reached skill level 5 in Dodging
  4046 | D:5      | Reached skill level 5 in Spellcasting
  4458 | D:5      | Slain by a gnoll

Illustrated notes

Levels and vault maps discovered:
D:1:      elethiomel_arrival_diamonds, layout_rooms,
          shapermc_ecumenical_altar_mp_urbaneastern, minmay_misc_feat_tower,
          chequers_arboretum, minmay_misc_feat_doors,
          nicolae_nh_oracle_at_delphi
D:2:      layout_loops_ring
D:3:      layout_loops_ring, fiery_altar_vehumet, old_standard_altar,
          portal_sewer_entry_a, kennysheep_boxes
D:4:      layout_basic, fedhas_altar_2, yredelemnul_altar_generic, serial_shops,
          shop, eino_small_chamber_without_monster
D:5:      layout_basic, serial_shops, shop, fountainhead, nicolae_shop_clearance

Skill      XL: |  1  2  3  4  5  6  7 |
---------------+----------------------+-----
Stealth        | 2 |  2.0
Spellcasting   | 3 4 5 |  5.5
Dodging        | 3 4 5 |  5.1
Fighting       | |  0.9
Armour         | |  0.4

Action                     |  1- 3 |  4- 6 |  7- 9 || total
---------------------------+-------+-------+-------++-------
  Melee: Unarmed           |     7 |       |       ||     7
         Dagger            |    12 |    38 |       ||    50
         Staff             |       |    19 |     6 ||    25
   Cast: Sting             |    62 |    51 |    13 ||   126
         Foxfire           |    13 |    16 |     1 ||    30
         Poisonous Vapours |     4 |    14 |       ||    18
         Olgreb's Toxic Ra |       |     5 |     4 ||     9
         Mephitic Cloud    |       |     6 |     2 ||     8
    Use: Potion            |       |       |     1 ||     1
   Stab: Sleeping          |       |     9 |       ||     9
 Armour: Robe              |    13 |    21 |     3 ||    37
         Leather armour    |       |     4 |       ||     4
  Dodge: Dodged            |    23 |    42 |     7 ||    72
